[ AOE2 MATCH · #472671377 ]
UnrankedVietnamese vs Ethiopians
Player's team · LOSS
[ REPLAY ANALYSIS · EXTRACTED FROM THE RECORDED GAME ]
Feudal
11:24
Castle
15:10
Imperial
32:36
| APM avg | 40.1 |
| APM peak | 103 |
| eAPM avg | 19.8 |
| Villagers / military | 115 / 83 |
Focus
⚔️ 30.6% · 🌾 69.4%
Rattan Archer ×47 · Scout Cavalry ×15 · Cavalry Archer ×14 · Fishing Ship ×12 · Monk ×1 · Archer ×1
Feudal
12:01
Castle
15:52
Imperial
34:18
| APM avg | 47.6 |
| APM peak | 124 |
| eAPM avg | 23.0 |
| Villagers / military | 147 / 158 |
Focus
⚔️ 28.8% · 🌾 71.2%
Knight ×111 · Scout Cavalry ×46 · Fishing Ship ×4 · Monk ×1
Feudal
11:13
Castle
14:50
Imperial
33:45
| APM avg | 29.7 |
| APM peak | 63 |
| eAPM avg | 18.7 |
| Villagers / military | 138 / 84 |
Focus
⚔️ 35.0% · 🌾 65.0%
Archer ×78 · Bombard Cannon ×5 · Fishing Ship ×4 · Militia ×1
Feudal
10:38
Castle
14:43
Imperial
38:42
| APM avg | 69.7 |
| APM peak | 116 |
| eAPM avg | 24.0 |
| Villagers / military | 153 / 78 |
Focus
⚔️ 23.5% · 🌾 76.5%
Mangudai ×65 · Demolition Raft ×13 · Fishing Ship ×5 · Unknown (2626) ×2
Feudal
10:35
Castle
20:09
Imperial
33:34
| APM avg | 21.9 |
| APM peak | 61 |
| eAPM avg | 13.7 |
| Villagers / military | 103 / 96 |
Focus
⚔️ 27.0% · 🌾 73.0%
Coustillier ×83 · Monk ×4 · Flemish Militia ×4 · Skirmisher ×3 · Archer ×2
Feudal
11:43
Castle
16:01
Imperial
36:10
| APM avg | 28.9 |
| APM peak | 52 |
| eAPM avg | 16.8 |
| Villagers / military | 160 / 87 |
Focus
⚔️ 25.2% · 🌾 74.8%
War Wagon ×67 · Monk ×11 · Fishing Ship ×9 · Bombard Cannon ×9
Feudal
9:30
Castle
18:43
Imperial
37:16
| APM avg | 46.6 |
| APM peak | 101 |
| eAPM avg | 17.8 |
| Villagers / military | 118 / 102 |
Focus
⚔️ 23.1% · 🌾 76.9%
Knight ×73 · Magyar Huszar ×29
Feudal
13:18
Castle
18:46
Imperial
35:58
| APM avg | 36.1 |
| APM peak | 83 |
| eAPM avg | 25.5 |
| Villagers / military | 93 / 240 |
Focus
⚔️ 37.3% · 🌾 62.7%
Militia ×131 · Spearman ×103 · Fishing Ship ×22 · Trade Cart ×10 · Huskarl ×4 · Demolition Raft ×2
Match map
Initial resources + every placement click. Lines = walls · curves = elevation contours. ◆ gold · ⬟ stone · ● berries · ✦ relic · ◌ wall gap
Your base· Open — unwalled flank
EXILE | Alebrije's base
TheGrainmaker's base
Monky Khan | Malillos's base· Open — unwalled flank
Queens_StoneAge's base
Manee's base
El_PachA's base· Open — unwalled flank
joaopessoense's base
Smoothed initial terrain · ◌ = detected wall gap · hover for details
Inputs per minute
— EXILE | GudariZuria - - EXILE | Alebrije
Build order — EXILE | GudariZuria
First 150 of 362 actions detected
| 0:02 | Create | Villager (Male) |
| 0:02 | Create | Villager (Male) |
| 0:02 | Create | Villager (Male) |
| 0:04 | Build | House |
| 0:05 | Build | House |
| 0:05 | Create | Villager (Male) |
| 1:27 | Create | Villager (Male) |
| 1:27 | Create | Villager (Male) |
| 1:47 | Build | Lumber Camp |
| 1:53 | Create | Villager (Male) |
| 1:53 | Create | Villager (Male) |
| 2:28 | Create | Villager (Male) |
| 2:28 | Create | Villager (Male) |
| 2:51 | Create | Villager (Male) |
| 2:51 | Create | Villager (Male) |
| 3:17 | Create | Villager (Male) |
| 3:18 | Create | Villager (Male) |
| 3:32 | Create | Villager (Male) |
| 3:32 | Create | Villager (Male) |
| 3:53 | Build | Mill |
| 3:59 | Build | House |
| 4:03 | Create | Villager (Male) |
| 4:03 | Create | Villager (Male) |
| 4:32 | Create | Villager (Male) |
| 4:33 | Create | Villager (Male) |
| 5:01 | Create | Villager (Male) |
| 5:02 | Create | Villager (Male) |
| 5:05 | Build | Mill |
| 5:29 | Create | Villager (Male) |
| 5:29 | Create | Villager (Male) |
| 5:39 | Build | House |
| 5:51 | Create | Villager (Male) |
| 5:51 | Create | Villager (Male) |
| 5:56 | Create | Villager (Male) |
| 6:23 | Create | Villager (Male) |
| 6:28 | Create | Villager (Male) |
| 6:59 | Create | Villager (Male) |
| 7:08 | Create | Villager (Male) |
| 7:22 | Build | Dock |
| 7:25 | Create | Villager (Male) |
| 7:36 | Create | Villager (Male) |
| 8:11 | Create | Fishing Ship |
| 8:11 | Create | Fishing Ship |
| 8:12 | Create | Fishing Ship |
| 8:19 | Build | House |
| 8:23 | Create | Villager (Male) |
| 8:42 | Research | Loom |
| 8:56 | Build | Mining Camp |
| 9:06 | Research | Feudal Age |
| 9:49 | Create | Fishing Ship |
| 10:05 | Create | Villager (Male) |
| 10:06 | Create | Villager (Male) |
| 11:12 | Create | Fishing Ship |
| 11:24 | Age | Feudal Age |
| 11:29 | Build | Blacksmith |
| 11:32 | Build | Market |
| 12:06 | Build | House |
| 12:30 | Research | Castle Age |
| 12:30 | Research | Castle Age |
| 12:46 | Create | Fishing Ship |
| 13:35 | Build | House |
| 14:10 | Build | Dock |
| 14:13 | Create | Villager (Male) |
| 14:19 | Create | Fishing Ship |
| 14:35 | Build | Barracks |
| 14:35 | Research | Fletching |
| 14:36 | Research | Fletching |
| 14:44 | Research | Double-Bit Axe |
| 14:45 | Research | Double-Bit Axe |
| 15:10 | Age | Castle Age |
| 15:27 | Build | Archery Range |
| 15:43 | Create | Villager (Male) |
| 15:49 | Create | Villager (Male) |
| 15:54 | Build | House |
| 15:56 | Build | Palisade Wall |
| 15:58 | Create | Villager (Male) |
| 16:04 | Create | Cavalry Archer |
| 16:04 | Create | Cavalry Archer |
| 16:13 | Create | Cavalry Archer |
| 16:14 | Create | Villager (Male) |
| 16:20 | Build | Lumber Camp |
| 16:43 | Build | Farm |
| 16:44 | Build | Farm |
| 16:51 | Build | House |
| 16:57 | Build | House |
| 17:22 | Research | Crossbowman (upgrade) |
| 17:54 | Research | Bodkin Arrow |
| 17:54 | Research | Bodkin Arrow |
| 17:55 | Create | Villager (Male) |
| 18:33 | Create | Villager (Male) |
| 18:46 | Build | Farm |
| 18:55 | Create | Fishing Ship |
| 18:58 | Create | Cavalry Archer |
| 18:59 | Create | Cavalry Archer |
| 19:01 | Create | Villager (Male) |
| 19:14 | Build | Farm |
| 19:19 | Create | Cavalry Archer |
| 19:19 | Create | Villager (Male) |
| 20:01 | Create | Cavalry Archer |
| 20:01 | Create | Cavalry Archer |
| 20:02 | Create | Archer |
| 20:11 | Create | Skirmisher |
| 20:11 | Create | Cavalry Archer |
| 20:21 | Create | Villager (Male) |
| 20:21 | Create | Villager (Male) |
| 20:23 | Create | Villager (Male) |
| 20:25 | Build | Farm |
| 20:36 | Create | Villager (Male) |
| 20:45 | Create | Cavalry Archer |
| 20:54 | Build | Town Center |
| 21:03 | Build | Farm |
| 21:04 | Research | Bow Saw |
| 21:05 | Research | Bow Saw |
| 21:24 | Create | Cavalry Archer |
| 22:01 | Create | Villager (Male) |
| 22:06 | Build | University |
| 22:09 | Build | Mining Camp |
| 22:16 | Research | Wheelbarrow |
| 22:16 | Research | Wheelbarrow |
| 22:17 | Research | Town Watch |
| 22:17 | Research | Town Watch |
| 22:25 | Create | Villager (Male) |
| 22:58 | Create | Villager (Male) |
| 23:12 | Create | Villager (Male) |
| 23:12 | Create | Villager (Male) |
| 23:16 | Build | Mining Camp |
| 23:25 | Create | Villager (Male) |
| 23:25 | Create | Villager (Male) |
| 23:27 | Build | Farm |
| 23:30 | Build | Farm |
| 23:31 | Build | Farm |
| 23:32 | Build | House |
| 23:33 | Build | House |
| 23:35 | Build | Farm |
| 23:36 | Build | Farm |
| 23:48 | Build | Stable |
| 23:49 | Create | Villager (Male) |
| 23:52 | Create | Villager (Male) |
| 23:58 | Build | Stone Wall |
| 23:59 | Create | Villager (Male) |
| 24:32 | Create | Villager (Male) |
| 24:36 | Build | Farm |
| 24:36 | Build | Farm |
| 24:37 | Build | Farm |
| 24:37 | Build | Farm |
| 24:37 | Build | Farm |
| 24:37 | Build | Farm |
| 24:37 | Build | Farm |
| 24:40 | Build | Farm |
| 24:54 | Research | Bloodlines |
Build order — EXILE | Alebrije
First 150 of 426 actions detected
| 0:01 | Create | Villager (Male) |
| 0:01 | Create | Villager (Male) |
| 0:01 | Create | Villager (Male) |
| 0:01 | Create | Villager (Male) |
| 0:03 | Build | House |
| 0:06 | Build | House |
| 1:42 | Create | Villager (Male) |
| 1:42 | Create | Villager (Male) |
| 2:05 | Create | Villager (Male) |
| 2:20 | Build | Lumber Camp |
| 2:30 | Create | Villager (Male) |
| 2:41 | Create | Villager (Male) |
| 3:20 | Create | Villager (Male) |
| 3:47 | Create | Villager (Male) |
| 3:53 | Build | House |
| 3:58 | Build | Mill |
| 4:14 | Create | Villager (Male) |
| 4:38 | Create | Villager (Male) |
| 4:52 | Create | Villager (Male) |
| 4:52 | Create | Villager (Male) |
| 5:22 | Create | Villager (Male) |
| 5:22 | Create | Villager (Male) |
| 5:42 | Build | House |
| 5:54 | Create | Villager (Male) |
| 6:13 | Create | Villager (Male) |
| 6:17 | Build | Dock |
| 6:48 | Create | Villager (Male) |
| 6:54 | Build | House |
| 7:08 | Create | Fishing Ship |
| 7:19 | Create | Villager (Male) |
| 7:33 | Create | Fishing Ship |
| 7:42 | Create | Villager (Male) |
| 8:02 | Create | Fishing Ship |
| 8:07 | Create | Villager (Male) |
| 8:24 | Build | House |
| 8:27 | Build | Palisade Wall |
| 8:36 | Create | Villager (Male) |
| 8:40 | Create | Villager (Male) |
| 9:08 | Build | Mining Camp |
| 9:23 | Research | Loom |
| 9:40 | Research | Feudal Age |
| 9:46 | Build | Farm |
| 9:48 | Build | Farm |
| 11:07 | Create | Villager (Male) |
| 11:07 | Create | Villager (Male) |
| 11:17 | Build | Barracks |
| 12:01 | Age | Feudal Age |
| 12:05 | Build | Blacksmith |
| 12:30 | Build | Stable |
| 13:12 | Research | Castle Age |
| 13:31 | Build | Farm |
| 13:32 | Build | Farm |
| 13:37 | Build | Farm |
| 13:39 | Build | Farm |
| 13:49 | Create | Fishing Ship |
| 13:52 | Build | House |
| 13:54 | Build | House |
| 13:58 | Research | Double-Bit Axe |
| 13:59 | Research | Double-Bit Axe |
| 14:26 | Research | Scale Barding Armor |
| 14:35 | Build | Farm |
| 14:59 | Create | Villager (Male) |
| 14:59 | Create | Villager (Male) |
| 15:49 | Build | House |
| 15:51 | Build | House |
| 15:52 | Age | Castle Age |
| 15:55 | Create | Knight |
| 15:56 | Research | Bow Saw |
| 16:01 | Build | Monastery |
| 16:12 | Create | Knight |
| 16:34 | Create | Villager (Male) |
| 16:38 | Create | Scout Cavalry |
| 16:39 | Create | Knight |
| 16:53 | Create | Monk |
| 16:59 | Create | Villager (Male) |
| 17:03 | Create | Knight |
| 17:14 | Create | Villager (Male) |
| 17:20 | Build | Town Center |
| 17:46 | Research | Wheelbarrow |
| 17:53 | Research | Husbandry |
| 18:49 | Build | Farm |
| 18:50 | Build | Farm |
| 19:00 | Create | Villager (Male) |
| 19:04 | Create | Knight |
| 19:11 | Research | Gold Mining |
| 19:16 | Create | Villager (Male) |
| 19:54 | Create | Villager (Male) |
| 19:57 | Build | Farm |
| 20:00 | Build | Farm |
| 20:01 | Create | Villager (Male) |
| 20:04 | Create | Villager (Male) |
| 20:21 | Create | Knight |
| 20:21 | Create | Knight |
| 20:42 | Research | Chain Barding Armor |
| 20:47 | Build | Farm |
| 20:48 | Build | Farm |
| 20:57 | Create | Knight |
| 20:57 | Create | Knight |
| 21:01 | Build | Farm |
| 21:02 | Build | Farm |
| 21:16 | Create | Villager (Male) |
| 21:16 | Create | Villager (Male) |
| 21:19 | Build | Lumber Camp |
| 21:24 | Build | Town Center |
| 21:37 | Create | Villager (Male) |
| 21:38 | Create | Villager (Male) |
| 21:38 | Create | Villager (Male) |
| 21:38 | Create | Villager (Male) |
| 22:05 | Create | Knight |
| 22:05 | Create | Knight |
| 22:06 | Create | Villager (Male) |
| 22:06 | Create | Villager (Male) |
| 22:09 | Build | Farm |
| 22:10 | Build | Farm |
| 22:13 | Create | Villager (Male) |
| 22:14 | Create | Villager (Male) |
| 22:20 | Build | Farm |
| 22:20 | Build | Farm |
| 22:21 | Build | Farm |
| 22:22 | Build | Farm |
| 22:52 | Create | Villager (Male) |
| 22:52 | Create | Villager (Male) |
| 22:52 | Create | Villager (Male) |
| 22:53 | Create | Villager (Male) |
| 22:53 | Create | Villager (Male) |
| 23:00 | Build | Mining Camp |
| 23:20 | Build | House |
| 23:21 | Build | House |
| 23:22 | Research | Devotion |
| 23:45 | Create | Knight |
| 23:46 | Create | Knight |
| 23:47 | Create | Villager (Male) |
| 23:47 | Create | Villager (Male) |
| 24:25 | Create | Knight |
| 24:25 | Create | Knight |
| 24:30 | Build | Farm |
| 24:32 | Create | Villager (Male) |
| 24:34 | Research | Town Watch |
| 24:39 | Build | Farm |
| 24:40 | Build | Farm |
| 24:41 | Build | Farm |
| 24:42 | Build | Farm |
| 24:43 | Build | Farm |
| 24:44 | Build | Farm |
| 24:45 | Build | Farm |
| 24:48 | Create | Villager (Male) |
| 24:48 | Create | Villager (Male) |
| 24:59 | Research | Forging |
| 25:01 | Create | Knight |
| 25:01 | Create | Knight |
Build order — TheGrainmaker
First 150 of 337 actions detected
| 0:00 | Create | Villager (Male) |
| 0:01 | Create | Villager (Male) |
| 0:03 | Build | House |
| 0:05 | Build | House |
| 0:42 | Create | Villager (Male) |
| 0:42 | Create | Villager (Male) |
| 1:32 | Create | Villager (Male) |
| 1:32 | Create | Villager (Male) |
| 1:49 | Build | Lumber Camp |
| 1:55 | Create | Villager (Male) |
| 1:55 | Create | Villager (Male) |
| 2:24 | Create | Villager (Male) |
| 2:24 | Create | Villager (Male) |
| 2:46 | Create | Villager (Male) |
| 3:10 | Create | Villager (Male) |
| 3:40 | Create | Villager (Male) |
| 3:40 | Create | Villager (Male) |
| 3:50 | Create | Villager (Male) |
| 4:15 | Build | House |
| 4:34 | Create | Villager (Male) |
| 4:49 | Build | Dock |
| 4:58 | Create | Villager (Male) |
| 5:16 | Build | Mill |
| 5:22 | Create | Villager (Male) |
| 5:22 | Create | Villager (Male) |
| 5:33 | Create | Fishing Ship |
| 5:54 | Create | Villager (Male) |
| 5:54 | Create | Villager (Male) |
| 6:03 | Create | Fishing Ship |
| 6:16 | Build | House |
| 6:24 | Research | Loom |
| 6:39 | Create | Villager (Male) |
| 6:51 | Create | Fishing Ship |
| 6:53 | Create | Villager (Male) |
| 7:21 | Create | Villager (Male) |
| 7:34 | Create | Villager (Male) |
| 7:43 | Create | Fishing Ship |
| 8:03 | Create | Villager (Male) |
| 8:14 | Build | House |
| 8:21 | Build | Mining Camp |
| 8:58 | Create | Villager (Male) |
| 9:03 | Research | Feudal Age |
| 9:33 | Build | Mill |
| 9:49 | Create | Villager (Male) |
| 9:50 | Create | Villager (Male) |
| 11:13 | Age | Feudal Age |
| 11:18 | Build | Market |
| 11:20 | Build | Blacksmith |
| 11:24 | Build | Blacksmith |
| 12:10 | Research | Castle Age |
| 12:10 | Research | Castle Age |
| 12:24 | Build | House |
| 12:31 | Build | Barracks |
| 12:35 | Build | Palisade Wall |
| 13:10 | Research | Double-Bit Axe |
| 13:50 | Build | Archery Range |
| 14:32 | Create | Villager (Male) |
| 14:46 | Create | Archer |
| 14:50 | Age | Castle Age |
| 14:54 | Build | Town Center |
| 14:57 | Create | Villager (Male) |
| 15:16 | Create | Archer |
| 15:45 | Create | Villager (Male) |
| 15:47 | Create | Villager (Male) |
| 15:52 | Create | Archer |
| 15:55 | Create | Villager (Male) |
| 15:55 | Create | Villager (Male) |
| 15:58 | Research | Bow Saw |
| 16:19 | Research | Horse Collar |
| 16:19 | Research | Horse Collar |
| 16:23 | Create | Villager (Male) |
| 16:23 | Create | Villager (Male) |
| 16:27 | Build | Farm |
| 16:38 | Create | Villager (Male) |
| 16:38 | Create | Villager (Male) |
| 16:44 | Build | House |
| 17:04 | Build | Farm |
| 17:06 | Build | House |
| 17:07 | Build | House |
| 17:09 | Create | Villager (Male) |
| 17:30 | Build | Town Center |
| 17:31 | Create | Villager (Male) |
| 17:31 | Create | Villager (Male) |
| 17:38 | Build | Farm |
| 17:40 | Create | Villager (Male) |
| 17:58 | Create | Villager (Male) |
| 18:05 | Build | Farm |
| 18:10 | Create | Villager (Male) |
| 18:13 | Build | House |
| 18:18 | Research | Heavy Plow |
| 18:21 | Create | Villager (Male) |
| 18:23 | Build | Farm |
| 18:32 | Build | Farm |
| 18:34 | Build | Farm |
| 18:37 | Create | Villager (Male) |
| 18:38 | Create | Villager (Male) |
| 18:38 | Create | Villager (Male) |
| 18:38 | Create | Villager (Male) |
| 18:41 | Build | Farm |
| 18:42 | Build | Farm |
| 18:46 | Create | Villager (Male) |
| 18:49 | Build | Farm |
| 18:50 | Build | Farm |
| 18:55 | Build | House |
| 18:55 | Create | Archer |
| 19:03 | Build | Farm |
| 19:10 | Build | Farm |
| 19:14 | Build | Farm |
| 19:17 | Create | Villager (Male) |
| 19:17 | Create | Villager (Male) |
| 19:17 | Create | Archer |
| 19:23 | Create | Archer |
| 19:27 | Build | House |
| 19:43 | Create | Villager (Male) |
| 19:44 | Create | Villager (Male) |
| 19:45 | Create | Villager (Male) |
| 19:45 | Create | Villager (Male) |
| 20:05 | Build | Mining Camp |
| 20:07 | Create | Villager (Male) |
| 20:08 | Create | Villager (Male) |
| 20:08 | Create | Villager (Male) |
| 20:10 | Create | Villager (Male) |
| 20:11 | Create | Archer |
| 20:35 | Build | Fish Trap |
| 20:39 | Build | Fish Trap |
| 20:43 | Build | Fish Trap |
| 20:47 | Build | Fish Trap |
| 20:48 | Create | Villager (Male) |
| 20:48 | Create | Villager (Male) |
| 20:48 | Create | Villager (Male) |
| 20:49 | Create | Villager (Male) |
| 20:49 | Create | Villager (Male) |
| 20:54 | Build | Farm |
| 20:55 | Build | Farm |
| 20:56 | Build | Farm |
| 20:57 | Build | Farm |
| 20:58 | Build | Farm |
| 21:02 | Build | Farm |
| 21:03 | Build | Farm |
| 21:05 | Create | Villager (Male) |
| 21:05 | Create | Villager (Male) |
| 21:06 | Create | Archer |
| 21:07 | Create | Villager (Male) |
| 21:20 | Build | Farm |
| 21:21 | Build | Farm |
| 21:25 | Build | Farm |
| 21:26 | Build | Farm |
| 21:30 | Create | Villager (Male) |
| 21:31 | Create | Villager (Male) |
| 21:31 | Create | Villager (Male) |
Build order — Monky Khan | Malillos
First 150 of 394 actions detected
| 0:01 | Create | Villager (Male) |
| 0:01 | Create | Villager (Male) |
| 0:02 | Build | House |
| 0:04 | Build | House |
| 0:12 | Create | Villager (Male) |
| 0:21 | Create | Villager (Male) |
| 0:22 | Create | Villager (Male) |
| 1:23 | Create | Villager (Male) |
| 1:51 | Build | Lumber Camp |
| 1:53 | Create | Villager (Male) |
| 2:24 | Create | Villager (Male) |
| 2:37 | Create | Villager (Male) |
| 3:05 | Build | House |
| 3:10 | Create | Villager (Male) |
| 3:38 | Create | Villager (Male) |
| 3:47 | Create | Villager (Male) |
| 4:08 | Build | Mill |
| 4:22 | Create | Villager (Male) |
| 4:36 | Create | Villager (Male) |
| 5:08 | Create | Villager (Male) |
| 5:15 | Create | Villager (Male) |
| 5:16 | Create | Villager (Male) |
| 5:23 | Create | Villager (Male) |
| 5:46 | Build | House |
| 5:57 | Create | Villager (Male) |
| 6:25 | Build | Dock |
| 6:26 | Create | Villager (Male) |
| 6:28 | Create | Villager (Male) |
| 7:04 | Create | Fishing Ship |
| 7:30 | Create | Fishing Ship |
| 7:59 | Build | House |
| 8:06 | Create | Villager (Male) |
| 8:18 | Create | Fishing Ship |
| 8:28 | Research | Feudal Age |
| 9:13 | Create | Fishing Ship |
| 9:18 | Build | House |
| 9:45 | Create | Fishing Ship |
| 10:03 | Create | Villager (Male) |
| 10:12 | Build | Mining Camp |
| 10:38 | Age | Feudal Age |
| 10:42 | Build | Market |
| 10:55 | Create | Villager (Male) |
| 11:22 | Build | Blacksmith |
| 11:33 | Create | Villager (Male) |
| 12:03 | Research | Castle Age |
| 12:26 | Build | Mining Camp |
| 12:34 | Build | House |
| 13:05 | Create | Unit 2626 |
| 13:05 | Create | Unit 2626 |
| 13:11 | Build | House |
| 13:49 | Research | Double-Bit Axe |
| 14:12 | Create | Villager (Male) |
| 14:43 | Age | Castle Age |
| 14:52 | Build | Town Center |
| 14:55 | Create | Villager (Male) |
| 15:09 | Create | Villager (Male) |
| 16:10 | Build | Castle |
| 16:13 | Create | Villager (Male) |
| 16:44 | Build | Farm |
| 16:48 | Build | Farm |
| 16:54 | Build | Farm |
| 17:06 | Research | Loom |
| 17:17 | Create | Villager (Male) |
| 17:31 | Create | Mangudai |
| 17:31 | Create | Mangudai |
| 17:42 | Build | Farm |
| 17:44 | Create | Villager (Male) |
| 17:55 | Build | Farm |
| 18:18 | Create | Mangudai |
| 18:18 | Create | Mangudai |
| 18:19 | Create | Villager (Male) |
| 18:22 | Build | Farm |
| 18:41 | Build | Town Center |
| 18:46 | Create | Villager (Male) |
| 18:52 | Create | Villager (Male) |
| 19:09 | Create | Mangudai |
| 19:15 | Build | Mill |
| 19:19 | Create | Villager (Male) |
| 19:44 | Create | Villager (Male) |
| 19:51 | Create | Mangudai |
| 19:55 | Create | Villager (Male) |
| 20:11 | Build | Lumber Camp |
| 20:12 | Create | Villager (Male) |
| 20:13 | Create | Villager (Male) |
| 20:23 | Create | Mangudai |
| 20:25 | Create | Villager (Male) |
| 20:38 | Build | Farm |
| 20:44 | Create | Villager (Male) |
| 20:48 | Build | House |
| 20:49 | Build | House |
| 20:54 | Build | Farm |
| 20:56 | Build | Farm |
| 20:59 | Build | Farm |
| 21:10 | Research | Horse Collar |
| 21:16 | Create | Villager (Male) |
| 21:21 | Create | Villager (Male) |
| 21:21 | Create | Villager (Male) |
| 21:27 | Create | Mangudai |
| 21:30 | Build | House |
| 21:32 | Create | Villager (Male) |
| 21:38 | Create | Villager (Male) |
| 21:51 | Research | Fletching |
| 21:53 | Create | Villager (Male) |
| 21:58 | Build | House |
| 21:59 | Build | House |
| 22:07 | Create | Mangudai |
| 22:08 | Create | Villager (Male) |
| 22:17 | Create | Villager (Male) |
| 22:17 | Create | Villager (Male) |
| 22:33 | Create | Mangudai ×2 |
| 22:35 | Create | Villager (Male) |
| 22:35 | Create | Villager (Male) |
| 22:35 | Create | Villager (Male) |
| 22:39 | Build | Barracks |
| 22:47 | Create | Villager (Male) |
| 22:53 | Create | Mangudai |
| 22:53 | Create | Mangudai |
| 23:04 | Create | Mangudai |
| 23:07 | Research | Padded Archer Armor |
| 23:07 | Research | Padded Archer Armor |
| 23:29 | Create | Mangudai |
| 23:29 | Create | Mangudai |
| 23:36 | Research | Town Watch |
| 23:38 | Create | Villager (Male) |
| 23:42 | Create | Villager (Male) |
| 23:57 | Create | Mangudai |
| 23:57 | Create | Mangudai |
| 24:00 | Create | Villager (Male) |
| 24:06 | Create | Villager (Male) |
| 24:12 | Create | Villager (Male) |
| 24:14 | Create | Mangudai |
| 24:14 | Create | Mangudai |
| 24:33 | Create | Villager (Male) |
| 24:33 | Create | Villager (Male) |
| 24:33 | Create | Villager (Male) |
| 24:47 | Create | Villager (Male) |
| 24:52 | Create | Villager (Male) |
| 25:03 | Build | Stable |
| 25:13 | Create | Villager (Male) ×2 |
| 25:19 | Build | Farm |
| 25:20 | Build | Farm |
| 25:20 | Build | Farm |
| 25:26 | Create | Mangudai |
| 25:27 | Create | Mangudai |
| 25:28 | Create | Villager (Male) |
| 25:40 | Build | Town Center |
| 25:55 | Create | Villager (Male) |
| 25:55 | Create | Villager (Male) |
| 25:55 | Create | Villager (Male) |
| 26:10 | Create | Villager (Male) |
Build order — Queens_StoneAge
First 150 of 306 actions detected
| 0:01 | Create | Villager (Male) |
| 0:01 | Create | Villager (Male) |
| 0:01 | Create | Villager (Male) |
| 0:02 | Build | House |
| 0:04 | Build | House |
| 0:36 | Create | Villager (Male) |
| 1:25 | Create | Villager (Male) |
| 1:52 | Build | Lumber Camp |
| 1:54 | Create | Villager (Male) |
| 2:22 | Create | Villager (Male) |
| 2:41 | Create | Villager (Male) |
| 2:59 | Build | House |
| 3:11 | Create | Villager (Male) |
| 3:41 | Create | Villager (Male) |
| 3:45 | Research | Loom |
| 3:54 | Build | House |
| 4:08 | Research | Double-Bit Axe |
| 4:14 | Create | Villager (Male) |
| 4:45 | Create | Villager (Male) |
| 5:07 | Create | Villager (Male) |
| 5:18 | Build | Mill |
| 5:24 | Create | Villager (Male) |
| 5:50 | Create | Villager (Male) |
| 6:04 | Create | Villager (Male) |
| 6:33 | Create | Villager (Male) |
| 7:00 | Build | Mining Camp |
| 7:09 | Create | Villager (Male) |
| 7:27 | Create | Villager (Male) |
| 8:25 | Research | Feudal Age |
| 8:35 | Build | Barracks |
| 9:17 | Build | House |
| 9:18 | Build | Palisade Wall |
| 9:25 | Build | Palisade Wall |
| 9:58 | Build | Palisade Wall |
| 10:01 | Build | Palisade Wall |
| 10:35 | Age | Feudal Age |
| 10:37 | Create | Flemish Militia |
| 10:37 | Create | Flemish Militia |
| 10:38 | Create | Flemish Militia |
| 10:42 | Build | Archery Range |
| 11:00 | Create | Flemish Militia |
| 11:15 | Research | Horse Collar |
| 11:38 | Create | Villager (Male) |
| 11:42 | Build | Farm |
| 11:43 | Build | Farm |
| 11:45 | Build | Farm |
| 11:46 | Build | Farm |
| 11:49 | Build | Farm |
| 12:01 | Create | Villager (Male) |
| 12:02 | Create | Villager (Male) |
| 12:08 | Create | Villager (Male) |
| 12:15 | Build | Mill |
| 12:17 | Create | Villager (Male) |
| 12:23 | Build | House |
| 12:26 | Create | Villager (Male) |
| 12:41 | Create | Villager (Male) |
| 13:06 | Create | Villager (Male) |
| 13:16 | Build | Farm |
| 13:17 | Build | Farm |
| 13:28 | Build | House |
| 13:29 | Build | Palisade Wall |
| 13:38 | Create | Villager (Male) |
| 14:01 | Build | Palisade Wall |
| 14:21 | Create | Villager (Male) |
| 14:44 | Build | Farm |
| 14:45 | Create | Villager (Male) |
| 15:03 | Create | Villager (Male) |
| 15:04 | Build | Farm |
| 15:08 | Build | Palisade Wall |
| 15:28 | Build | Farm |
| 15:29 | Build | Farm |
| 15:30 | Create | Villager (Male) |
| 15:43 | Build | House |
| 16:15 | Create | Villager (Male) |
| 16:21 | Build | Market |
| 16:27 | Build | Mining Camp |
| 16:28 | Create | Villager (Male) |
| 16:28 | Create | Villager (Male) |
| 17:11 | Build | Farm |
| 17:19 | Research | Castle Age |
| 17:29 | Build | House |
| 17:30 | Create | Archer |
| 17:32 | Create | Archer |
| 17:35 | Build | House |
| 17:39 | Build | Stone Wall |
| 17:51 | Research | Stone Mining |
| 18:15 | Build | Stone Wall |
| 18:18 | Create | Skirmisher |
| 18:18 | Create | Skirmisher |
| 18:18 | Create | Skirmisher |
| 18:45 | Build | House |
| 18:54 | Build | Farm |
| 19:41 | Build | Stone Wall |
| 20:09 | Age | Castle Age |
| 20:20 | Create | Villager (Male) |
| 20:20 | Create | Villager (Male) |
| 20:25 | Build | Town Center |
| 20:47 | Build | Town Center |
| 20:57 | Build | Stone Wall |
| 21:02 | Build | Stone Wall |
| 21:20 | Build | Monastery |
| 21:21 | Create | Villager (Male) |
| 21:21 | Create | Villager (Male) |
| 21:23 | Create | Villager (Male) |
| 21:23 | Create | Villager (Male) |
| 21:29 | Create | Villager (Male) |
| 21:29 | Create | Villager (Male) |
| 21:56 | Create | Villager (Male) |
| 21:57 | Create | Monk |
| 21:57 | Create | Monk |
| 22:03 | Create | Villager (Male) |
| 22:26 | Create | Monk |
| 23:00 | Build | Stone Wall |
| 23:09 | Create | Villager (Male) |
| 23:10 | Create | Villager (Male) |
| 23:23 | Build | Farm |
| 23:37 | Create | Villager (Male) |
| 23:38 | Create | Villager (Male) |
| 23:40 | Create | Monk |
| 24:27 | Build | Castle |
| 24:46 | Create | Villager (Male) |
| 24:47 | Create | Villager (Male) |
| 24:47 | Create | Villager (Male) |
| 24:48 | Create | Villager (Male) |
| 24:48 | Create | Villager (Male) |
| 24:49 | Create | Villager (Male) |
| 24:49 | Research | Wheelbarrow |
| 24:50 | Create | Villager (Male) |
| 24:50 | Create | Villager (Male) |
| 24:51 | Create | Villager (Male) |
| 24:57 | Build | Farm |
| 24:58 | Build | Farm |
| 25:02 | Build | Farm |
| 25:05 | Build | Farm |
| 25:17 | Build | Farm |
| 25:39 | Build | Farm |
| 25:44 | Build | Farm |
| 25:45 | Build | Farm |
| 25:46 | Build | Farm |
| 25:47 | Build | Farm |
| 25:53 | Build | Farm |
| 25:53 | Build | Farm |
| 25:56 | Create | Villager (Male) |
| 25:56 | Create | Villager (Male) |
| 25:56 | Create | Villager (Male) |
| 25:57 | Create | Villager (Male) |
| 26:08 | Create | Coustillier |
| 26:08 | Create | Coustillier |
| 26:08 | Create | Coustillier |
| 26:29 | Build | Farm |
Build order — Manee
First 150 of 280 actions detected
| 0:01 | Create | Villager (Male) |
| 0:02 | Create | Villager (Male) |
| 0:02 | Create | Villager (Male) |
| 0:03 | Build | House |
| 0:04 | Build | House |
| 0:17 | Create | Villager (Male) |
| 1:26 | Create | Villager (Male) |
| 1:53 | Create | Villager (Male) |
| 1:57 | Build | Lumber Camp |
| 2:25 | Create | Villager (Male) |
| 2:55 | Create | Villager (Male) |
| 2:57 | Create | Villager (Male) |
| 3:38 | Create | Villager (Male) |
| 3:50 | Create | Villager (Male) |
| 3:55 | Build | House |
| 4:22 | Create | Villager (Male) |
| 4:51 | Build | Dock |
| 5:04 | Create | Villager (Male) |
| 5:06 | Create | Villager (Male) |
| 5:44 | Create | Villager (Male) |
| 5:45 | Create | Villager (Male) |
| 5:45 | Create | Fishing Ship |
| 5:47 | Create | Fishing Ship |
| 5:54 | Build | House |
| 6:06 | Create | Villager (Male) |
| 6:54 | Create | Villager (Male) |
| 7:22 | Build | Mill |
| 8:02 | Create | Villager (Male) |
| 8:02 | Create | Villager (Male) |
| 8:05 | Create | Fishing Ship |
| 8:06 | Create | Fishing Ship |
| 8:29 | Build | House |
| 8:36 | Create | Fishing Ship |
| 8:59 | Research | Loom |
| 9:06 | Build | Mill |
| 9:25 | Build | Mining Camp |
| 9:33 | Research | Feudal Age |
| 9:48 | Create | Villager (Male) |
| 9:49 | Create | Fishing Ship |
| 10:20 | Build | Barracks |
| 10:47 | Build | House |
| 11:21 | Build | Mining Camp |
| 11:26 | Build | House |
| 11:43 | Age | Feudal Age |
| 11:46 | Build | Blacksmith |
| 11:52 | Create | Villager (Male) |
| 11:59 | Build | Market |
| 12:36 | Create | Villager (Male) |
| 12:56 | Build | Dock |
| 13:21 | Research | Castle Age |
| 13:55 | Build | House |
| 13:57 | Build | Palisade Wall |
| 14:06 | Build | Palisade Wall |
| 14:07 | Create | Villager (Male) |
| 14:17 | Create | Villager (Male) |
| 14:26 | Create | Fishing Ship |
| 14:27 | Create | Fishing Ship |
| 14:32 | Create | Fishing Ship |
| 14:46 | Build | Palisade Wall |
| 15:02 | Research | Double-Bit Axe |
| 15:32 | Create | Villager (Male) |
| 15:32 | Create | Villager (Male) |
| 16:00 | Build | House |
| 16:01 | Age | Castle Age |
| 16:14 | Build | Town Center |
| 16:21 | Create | Villager (Male) |
| 16:38 | Create | Villager (Male) |
| 17:18 | Build | Town Center |
| 17:21 | Create | Villager (Male) |
| 17:29 | Build | House |
| 17:42 | Create | Villager (Male) ×5 |
| 17:43 | Create | Villager (Male) ×5 |
| 17:47 | Build | Farm |
| 17:48 | Build | Farm |
| 18:52 | Create | Villager (Male) ×5 |
| 18:56 | Build | Farm |
| 18:57 | Build | Farm |
| 18:58 | Create | Villager (Male) ×4 |
| 19:05 | Build | Farm |
| 19:06 | Build | Farm |
| 19:06 | Build | Farm |
| 19:06 | Build | Farm |
| 19:23 | Build | Farm |
| 19:27 | Build | Farm |
| 19:28 | Create | Villager (Male) |
| 19:31 | Build | Farm |
| 19:49 | Create | Villager (Male) |
| 20:13 | Build | Monastery |
| 20:23 | Build | Palisade Wall |
| 20:29 | Build | Farm |
| 20:30 | Build | Farm |
| 20:33 | Create | Villager (Male) ×3 |
| 20:55 | Create | Villager (Male) ×2 |
| 21:06 | Create | Villager (Male) |
| 21:08 | Create | Monk |
| 21:10 | Create | Villager (Male) |
| 21:23 | Build | Castle |
| 21:32 | Build | Palisade Wall |
| 21:34 | Create | Villager (Male) |
| 21:38 | Build | Farm |
| 21:39 | Build | Farm |
| 21:39 | Build | Farm |
| 21:39 | Build | Farm |
| 21:40 | Build | Farm |
| 21:40 | Build | Farm |
| 21:43 | Create | Villager (Male) ×2 |
| 21:45 | Build | Farm |
| 21:47 | Build | Farm |
| 21:50 | Build | Farm |
| 21:56 | Build | Farm |
| 21:58 | Create | Villager (Male) |
| 22:03 | Research | Bow Saw |
| 22:04 | Create | Monk |
| 22:19 | Build | House |
| 22:20 | Build | House |
| 22:21 | Build | House |
| 22:22 | Build | House |
| 22:22 | Build | House |
| 22:29 | Research | Wheelbarrow |
| 22:35 | Create | Villager (Male) ×2 |
| 22:46 | Build | Mining Camp |
| 22:47 | Create | Villager (Male) ×2 |
| 22:53 | Create | Villager (Male) |
| 23:06 | Create | Villager (Male) ×4 |
| 23:13 | Create | War Wagon |
| 23:13 | Create | War Wagon |
| 23:14 | Create | War Wagon |
| 23:15 | Create | Villager (Male) |
| 23:24 | Create | Villager (Male) |
| 23:29 | Create | Villager (Male) |
| 23:34 | Create | Villager (Male) |
| 23:37 | Build | Lumber Camp |
| 23:53 | Create | Villager (Male) ×2 |
| 24:03 | Build | Farm |
| 24:04 | Build | Farm |
| 24:19 | Create | Villager (Male) |
| 24:25 | Build | Farm |
| 24:25 | Build | Farm |
| 24:26 | Build | Farm |
| 24:26 | Build | Farm |
| 24:29 | Create | Villager (Male) ×5 |
| 24:40 | Build | Farm |
| 24:40 | Build | Farm |
| 24:40 | Build | Farm |
| 24:41 | Build | Farm |
| 24:41 | Build | Farm |
| 24:41 | Build | Farm |
| 24:50 | Create | War Wagon |
| 24:50 | Create | War Wagon |
| 25:09 | Create | Villager (Male) ×5 |
Build order — El_PachA
First 150 of 308 actions detected
| 0:02 | Build | House |
| 0:04 | Build | House |
| 0:05 | Create | Villager (Male) |
| 0:05 | Create | Villager (Male) |
| 0:05 | Create | Villager (Male) |
| 0:05 | Create | Villager (Male) |
| 0:06 | Create | Villager (Male) |
| 0:06 | Create | Villager (Male) |
| 1:31 | Create | Villager (Male) |
| 1:31 | Create | Villager (Male) |
| 1:31 | Create | Villager (Male) |
| 1:52 | Build | Lumber Camp |
| 1:59 | Create | Villager (Male) |
| 2:00 | Create | Villager (Male) |
| 2:27 | Create | Villager (Male) |
| 2:27 | Create | Villager (Male) |
| 2:27 | Create | Villager (Male) |
| 2:56 | Create | Villager (Male) |
| 2:57 | Create | Villager (Male) |
| 2:57 | Create | Villager (Male) |
| 2:57 | Create | Villager (Male) |
| 3:07 | Create | Villager (Male) |
| 3:07 | Create | Villager (Male) |
| 3:30 | Build | House |
| 3:32 | Build | House |
| 3:48 | Create | Villager (Male) |
| 3:48 | Create | Villager (Male) |
| 3:48 | Create | Villager (Male) |
| 4:14 | Create | Villager (Male) |
| 4:36 | Create | Villager (Male) |
| 4:37 | Create | Villager (Male) |
| 4:53 | Build | Mill |
| 4:57 | Create | Villager (Male) |
| 5:29 | Create | Villager (Male) |
| 5:50 | Create | Villager (Male) |
| 5:52 | Research | Loom |
| 7:20 | Research | Feudal Age |
| 8:31 | Build | Barracks |
| 9:25 | Create | Villager (Male) |
| 9:30 | Age | Feudal Age |
| 9:34 | Build | Blacksmith |
| 9:57 | Create | Villager (Male) |
| 10:19 | Build | House |
| 10:24 | Create | Villager (Male) |
| 10:31 | Build | Market |
| 10:40 | Create | Villager (Male) |
| 10:57 | Build | Mining Camp |
| 11:12 | Create | Villager (Male) |
| 11:36 | Build | Mill |
| 11:40 | Build | House |
| 11:41 | Build | Palisade Wall |
| 11:44 | Create | Villager (Male) |
| 11:53 | Build | Palisade Wall |
| 11:57 | Build | House |
| 12:08 | Create | Villager (Male) |
| 12:22 | Build | Mining Camp |
| 12:31 | Create | Villager (Male) |
| 12:38 | Build | Farm |
| 12:46 | Create | Villager (Male) |
| 13:15 | Build | Farm |
| 13:17 | Create | Villager (Male) |
| 13:28 | Build | Farm |
| 13:32 | Build | Farm |
| 13:38 | Create | Villager (Male) |
| 13:50 | Create | Villager (Male) |
| 14:05 | Create | Villager (Male) |
| 14:20 | Build | Farm |
| 14:44 | Build | Farm |
| 15:05 | Create | Villager (Male) |
| 15:27 | Create | Villager (Male) |
| 16:03 | Research | Castle Age |
| 16:42 | Research | Double-Bit Axe |
| 16:46 | Research | Horse Collar |
| 17:25 | Build | Stable |
| 18:01 | Research | Wheelbarrow |
| 18:43 | Age | Castle Age |
| 18:56 | Build | Castle |
| 19:01 | Create | Villager (Male) |
| 19:26 | Create | Knight |
| 19:33 | Research | Heavy Plow |
| 20:00 | Create | Villager (Male) |
| 20:25 | Build | Town Center |
| 20:29 | Create | Magyar Huszar |
| 20:29 | Create | Magyar Huszar |
| 20:29 | Create | Magyar Huszar |
| 20:29 | Create | Magyar Huszar |
| 20:30 | Create | Magyar Huszar |
| 20:30 | Create | Magyar Huszar |
| 20:49 | Build | House |
| 21:05 | Create | Villager (Male) |
| 21:05 | Create | Villager (Male) |
| 21:06 | Create | Villager (Male) |
| 21:06 | Create | Villager (Male) |
| 21:10 | Build | Farm |
| 21:12 | Build | Farm |
| 21:15 | Build | Farm |
| 21:43 | Create | Magyar Huszar |
| 21:43 | Create | Magyar Huszar |
| 21:43 | Create | Magyar Huszar |
| 21:43 | Create | Magyar Huszar |
| 21:54 | Build | Farm |
| 22:01 | Build | Farm |
| 22:20 | Create | Magyar Huszar |
| 22:20 | Create | Magyar Huszar |
| 22:21 | Create | Magyar Huszar |
| 22:21 | Create | Magyar Huszar |
| 22:23 | Create | Villager (Male) |
| 22:23 | Create | Villager (Male) |
| 22:24 | Create | Villager (Male) |
| 22:34 | Create | Villager (Male) |
| 22:34 | Create | Villager (Male) |
| 22:35 | Create | Villager (Male) |
| 22:35 | Create | Villager (Male) |
| 22:36 | Create | Villager (Male) |
| 23:21 | Research | Scale Barding Armor |
| 24:00 | Create | Magyar Huszar |
| 24:00 | Create | Magyar Huszar |
| 24:01 | Create | Magyar Huszar |
| 24:01 | Create | Magyar Huszar |
| 24:07 | Create | Villager (Male) |
| 24:17 | Create | Villager (Male) |
| 24:18 | Create | Villager (Male) |
| 24:18 | Create | Villager (Male) |
| 24:19 | Create | Villager (Male) |
| 25:21 | Create | Magyar Huszar |
| 25:21 | Create | Magyar Huszar |
| 25:21 | Create | Magyar Huszar |
| 25:21 | Create | Magyar Huszar |
| 25:21 | Create | Magyar Huszar |
| 25:23 | Create | Villager (Male) |
| 25:44 | Build | Farm |
| 25:45 | Build | Farm |
| 25:49 | Build | Town Center |
| 25:57 | Create | Magyar Huszar |
| 25:57 | Create | Magyar Huszar |
| 26:23 | Create | Magyar Huszar |
| 26:24 | Create | Magyar Huszar |
| 26:40 | Research | Chain Barding Armor |
| 26:41 | Create | Villager (Male) |
| 26:41 | Create | Villager (Male) |
| 26:42 | Create | Villager (Male) |
| 27:50 | Create | Magyar Huszar |
| 27:50 | Create | Magyar Huszar |
| 27:52 | Create | Villager (Male) |
| 28:37 | Create | Villager (Male) |
| 28:38 | Create | Villager (Male) |
| 28:38 | Create | Villager (Male) |
| 28:39 | Create | Villager (Male) |
| 28:39 | Create | Villager (Male) |
| 28:40 | Create | Villager (Male) |
Build order — joaopessoense
First 150 of 528 actions detected
| 0:02 | Create | Villager (Male) |
| 0:02 | Create | Villager (Male) |
| 0:02 | Create | Villager (Male) |
| 0:02 | Create | Villager (Male) |
| 0:03 | Create | Villager (Male) |
| 0:04 | Build | House |
| 1:05 | Research | Loom |
| 1:23 | Build | House |
| 1:26 | Build | House |
| 1:27 | Build | House |
| 1:30 | Create | Villager (Male) |
| 1:56 | Create | Villager (Male) |
| 2:32 | Create | Villager (Male) |
| 2:59 | Build | House |
| 3:00 | Build | House |
| 3:02 | Create | Villager (Male) |
| 3:08 | Create | Villager (Male) |
| 3:38 | Build | Lumber Camp |
| 3:42 | Create | Villager (Male) |
| 4:12 | Create | Villager (Male) |
| 4:40 | Create | Villager (Male) |
| 5:10 | Create | Villager (Male) |
| 5:28 | Build | Dock |
| 5:38 | Create | Villager (Male) |
| 6:00 | Create | Villager (Male) |
| 6:11 | Create | Fishing Ship |
| 6:30 | Create | Villager (Male) |
| 6:46 | Create | Fishing Ship |
| 6:52 | Create | Villager (Male) |
| 7:00 | Build | Dock |
| 7:20 | Create | Villager (Male) |
| 7:32 | Create | Fishing Ship |
| 7:41 | Create | Fishing Ship |
| 7:46 | Create | Villager (Male) |
| 8:08 | Create | Fishing Ship |
| 8:24 | Create | Fishing Ship |
| 8:34 | Create | Villager (Male) |
| 8:53 | Create | Fishing Ship |
| 9:09 | Create | Fishing Ship |
| 9:23 | Create | Villager (Male) |
| 9:42 | Build | Mill |
| 9:49 | Create | Fishing Ship |
| 9:54 | Create | Villager (Male) |
| 10:13 | Create | Fishing Ship |
| 10:15 | Create | Fishing Ship |
| 10:20 | Create | Villager (Male) |
| 10:26 | Build | House |
| 10:49 | Build | Mining Camp |
| 11:06 | Research | Feudal Age |
| 11:13 | Create | Fishing Ship |
| 11:20 | Build | House |
| 11:22 | Build | House |
| 11:47 | Create | Fishing Ship |
| 11:50 | Create | Fishing Ship |
| 12:08 | Build | Palisade Wall |
| 12:35 | Create | Fishing Ship |
| 12:36 | Create | Fishing Ship |
| 13:18 | Age | Feudal Age |
| 13:19 | Create | Villager (Male) |
| 13:21 | Research | Double-Bit Axe |
| 13:44 | Build | Market |
| 13:48 | Create | Villager (Male) |
| 14:02 | Build | Blacksmith |
| 14:09 | Create | Villager (Male) |
| 14:23 | Build | Mining Camp |
| 14:33 | Create | Villager (Male) |
| 14:51 | Build | Barracks |
| 15:08 | Research | Tech 906 |
| 15:37 | Build | Fish Trap |
| 15:39 | Build | Fish Trap |
| 15:43 | Create | Spearman |
| 15:44 | Create | Spearman |
| 16:03 | Build | Palisade Wall |
| 16:06 | Research | Castle Age |
| 16:09 | Create | Spearman |
| 16:17 | Build | Fish Trap |
| 16:22 | Build | Fish Trap |
| 16:47 | Build | House |
| 16:48 | Build | House |
| 16:53 | Create | Spearman |
| 16:57 | Build | Fish Trap |
| 16:58 | Build | Fish Trap |
| 18:46 | Age | Castle Age |
| 18:47 | Research | Bow Saw |
| 18:50 | Research | Gillnets |
| 18:56 | Build | Town Center |
| 19:05 | Build | Town Center |
| 19:07 | Create | Villager (Male) |
| 19:07 | Create | Villager (Male) |
| 20:09 | Research | Town Watch |
| 20:10 | Create | Villager (Male) |
| 20:10 | Create | Villager (Male) |
| 20:11 | Create | Villager (Male) |
| 20:31 | Build | Town Center |
| 20:36 | Build | Fish Trap |
| 20:37 | Build | Fish Trap |
| 20:45 | Create | Villager (Male) |
| 20:46 | Create | Villager (Male) |
| 20:46 | Create | Villager (Male) |
| 20:48 | Build | Farm |
| 20:49 | Build | Farm |
| 21:06 | Build | Farm |
| 21:07 | Build | Farm |
| 21:11 | Build | Barracks |
| 21:16 | Research | Stone Mining |
| 21:19 | Create | Villager (Male) |
| 21:19 | Create | Villager (Male) |
| 21:19 | Create | Villager (Male) |
| 21:29 | Build | Fish Trap |
| 21:32 | Build | Fish Trap |
| 21:34 | Build | Fish Trap |
| 21:44 | Create | Villager (Male) |
| 21:45 | Create | Villager (Male) |
| 21:45 | Create | Villager (Male) |
| 22:00 | Build | House |
| 22:01 | Build | House |
| 22:02 | Build | House |
| 22:07 | Create | Villager (Male) |
| 22:12 | Create | Spearman |
| 22:12 | Create | Spearman |
| 22:33 | Build | Fish Trap |
| 22:37 | Build | Fish Trap |
| 22:41 | Create | Demolition Raft |
| 22:42 | Create | Demolition Raft |
| 22:51 | Research | Wheelbarrow |
| 22:51 | Create | Villager (Male) |
| 22:52 | Create | Villager (Male) |
| 23:12 | Build | Town Center |
| 23:17 | Create | Villager (Male) |
| 23:18 | Create | Villager (Male) |
| 23:50 | Create | Spearman |
| 23:50 | Create | Spearman |
| 23:50 | Create | Spearman |
| 24:05 | Create | Spearman |
| 24:06 | Create | Spearman |
| 24:07 | Create | Spearman |
| 24:41 | Create | Spearman |
| 24:41 | Create | Spearman |
| 24:49 | Create | Villager (Male) |
| 24:49 | Create | Villager (Male) |
| 24:49 | Create | Villager (Male) |
| 24:50 | Create | Villager (Male) |
| 25:07 | Build | Castle |
| 25:15 | Create | Spearman |
| 25:36 | Research | Pikeman (upgrade) |
| 25:37 | Research | Squires |
| 25:39 | Build | Farm |
| 25:40 | Build | Farm |
| 25:47 | Create | Fishing Ship |
| 25:50 | Create | Fishing Ship |
Match timeline
| 4:49 | TheGrainmaker · first_building Dock |
| 4:51 | Manee · first_building Dock |
| 5:28 | joaopessoense · first_building Dock |
| 6:17 | EXILE | Alebrije · first_building Dock |
| 6:25 | Monky Khan | Malillos · first_building Dock |
| 7:22 | EXILE | GudariZuria · first_building Dock |
| 8:27 | EXILE | Alebrije · wall_segment Palisade Wall x1 |
| 8:31 | El_PachA · first_building Barracks |
| 8:35 | Queens_StoneAge · first_building Barracks |
| 9:18 | Queens_StoneAge · wall_segment Palisade Wall x1 |
| 9:25 | Queens_StoneAge · wall_segment Palisade Wall x1 |
| 9:30 | El_PachA · age_up feudal |
| 9:58 | Queens_StoneAge · wall_segment Palisade Wall x5 |
| 10:01 | Queens_StoneAge · wall_segment Palisade Wall x1 |
| 10:20 | Manee · first_building Barracks |
| 10:35 | Queens_StoneAge · age_up feudal |
| 10:38 | Monky Khan | Malillos · age_up feudal |
| 10:42 | Queens_StoneAge · first_building Archery Range |
| 11:13 | TheGrainmaker · age_up feudal |
| 11:17 | EXILE | Alebrije · first_building Barracks |
| 11:24 | EXILE | GudariZuria · age_up feudal |
| 11:41 | El_PachA · wall_segment Palisade Wall x1 |
| 11:43 | Manee · age_up feudal |
| 11:53 | El_PachA · wall_segment Palisade Wall x5 |
| 12:01 | EXILE | Alebrije · age_up feudal |
| 12:02 | Monky Khan | Malillos · first_market_sell 100 wood |
| 12:08 | joaopessoense · wall_segment Palisade Wall x11 |
| 12:30 | EXILE | Alebrije · first_building Stable |
| 12:31 | TheGrainmaker · first_building Barracks |
| 12:35 | TheGrainmaker · wall_segment Palisade Wall x1 |
| 13:10 | Manee · first_market_sell 100 wood |
| 13:18 | joaopessoense · age_up feudal |
| 13:29 | Queens_StoneAge · wall_segment Palisade Wall x1 |
| 13:50 | TheGrainmaker · first_building Archery Range |
| 13:57 | Manee · wall_segment Palisade Wall x3 |
| 14:01 | Queens_StoneAge · wall_segment Palisade Wall x10 |
| 14:06 | Manee · wall_segment Palisade Wall x4 |
| 14:22 | TheGrainmaker · first_market_buy 100 wood |
| 14:35 | EXILE | GudariZuria · first_building Barracks |
| 14:43 | Monky Khan | Malillos · age_up castle |
| 14:46 | Manee · wall_segment Palisade Wall x1 |
| 14:48 | El_PachA · first_market_buy 100 food |
| 14:50 | TheGrainmaker · age_up castle |
| 14:50 | El_PachA · first_market_sell 100 wood |
| 14:51 | joaopessoense · first_building Barracks |
| 15:08 | Queens_StoneAge · wall_segment Palisade Wall x1 |
| 15:10 | EXILE | GudariZuria · age_up castle |
| 15:27 | EXILE | GudariZuria · first_building Archery Range |
| 15:52 | EXILE | Alebrije · age_up castle |
| 15:56 | EXILE | GudariZuria · wall_segment Palisade Wall x4 |
| 16:01 | Manee · age_up castle |
| 16:01 | EXILE | Alebrije · first_building Monastery |
| 16:03 | joaopessoense · wall_segment Palisade Wall x11 |
| 16:10 | Monky Khan | Malillos · first_building Castle |
| 17:25 | El_PachA · first_building Stable |
| 17:39 | Queens_StoneAge · wall_segment Stone Wall x1 |
| 18:15 | Queens_StoneAge · wall_segment Stone Wall x1 |
| 18:43 | El_PachA · age_up castle |
| 18:46 | joaopessoense · age_up castle |
| 18:56 | El_PachA · first_building Castle |
| 19:41 | Queens_StoneAge · wall_segment Stone Wall x1 |
| 20:09 | Queens_StoneAge · age_up castle |
| 20:13 | Manee · first_building Monastery |
| 20:23 | Manee · wall_segment Palisade Wall x1 |
| 20:41 | Queens_StoneAge · first_market_buy 100 wood |
| 20:57 | Queens_StoneAge · wall_segment Stone Wall x1 |
| 21:02 | Queens_StoneAge · wall_segment Stone Wall x4 |
| 21:06 | Monky Khan | Malillos · first_market_buy 100 food |
| 21:13 | Queens_StoneAge · first_market_sell 100 food |
| 21:20 | Queens_StoneAge · first_building Monastery |
| 21:23 | Manee · first_building Castle |
| 21:32 | Manee · wall_segment Palisade Wall x1 |
| 22:39 | Monky Khan | Malillos · first_building Barracks |
| 23:00 | Queens_StoneAge · wall_segment Stone Wall x1 |
| 23:42 | TheGrainmaker · first_market_sell 100 wood |
| 23:48 | EXILE | GudariZuria · first_building Stable |
| 23:58 | EXILE | GudariZuria · wall_segment Stone Wall x5 |
| 24:04 | TheGrainmaker · first_building Castle |
| 24:27 | Queens_StoneAge · first_building Castle |
| 24:51 | EXILE | GudariZuria · first_market_buy 100 food |
| 24:53 | joaopessoense · first_market_sell 100 wood |
| 24:56 | joaopessoense · first_market_buy 100 stone |
| 25:03 | Monky Khan | Malillos · first_building Stable |
| 25:06 | EXILE | Alebrije · first_building Siege Workshop |
| 25:07 | joaopessoense · first_building Castle |
| 26:55 | Queens_StoneAge · wall_segment Stone Wall x10 |
| 28:50 | EXILE | GudariZuria · first_building Monastery |
| 30:23 | EXILE | GudariZuria · first_market_sell 100 wood |
| 30:33 | EXILE | GudariZuria · first_building Castle |
| 31:49 | Queens_StoneAge · first_building Stable |
| 32:16 | Manee · wall_segment Stone Wall x4 |
| 32:36 | EXILE | GudariZuria · age_up imperial |
| 33:16 | Manee · first_building Stable |
| 33:34 | Queens_StoneAge · age_up imperial |
| 33:35 | EXILE | Alebrije · first_building Castle |
| 33:45 | TheGrainmaker · age_up imperial |
| 34:18 | EXILE | Alebrije · age_up imperial |
| 34:26 | TheGrainmaker · first_building Siege Workshop |
| 35:58 | joaopessoense · age_up imperial |
| 36:10 | Manee · age_up imperial |
| 36:24 | Manee · first_building Siege Workshop |
| 36:30 | Monky Khan | Malillos · first_building Siege Workshop |
| 37:16 | El_PachA · age_up imperial |
| 38:42 | Monky Khan | Malillos · age_up imperial |
| 42:09 | EXILE | GudariZuria · resign |
[ AI ANALYSIS · 1 CREDIT ]
What really happened in this match?
Wolo.gg analyzes every decision: build order, eco, micro, common mistakes by bracket. Personalized analysis on WhatsApp or Discord in 30 seconds.
Civ guide
Vietnamese
Perfil
Jugador #10360448